 Dungeon Crawl Stone Soup version 0.31-a0-536-ga3e2962e35 (webtiles) character file.

Game seed: 13670458347570592658

119 Ethylacetat the Ducker (level 5, -1/36 HPs)
             Began as an Octopode Gladiator on Aug 13, 2023.
             Slain by Robin
             ... wielding a +1 dagger of speed
              (4 damage)
             ... on level 3 of the Dungeon.
             The game lasted 00:02:14 (2025 turns).

Ethylacetat the Ducker (Octopode Gladiator)         Turns: 2025, Time: 00:02:15

Health: -1/36      AC:  1    Str: 26    XL:     5   Next: 3%
Magic:  5/5        EV: 19    Int: 10    God:
Gold:   178        SH:  0    Dex: 15    Spells: 4/4 levels left

rFire   . . .        a - +0 rapier
rCold   . . .        (no shield)
rNeg    . . .        b - +0 hat
rPois   .            (no amulet)
rElec   .            e - +6 ring of strength
rCorr   .            k - ring of willpower
SInv    .            n - +5 ring of evasion
Will    +....        r - +6 ring of strength
Stlth   +++          (no ring)
HPRegen 0.26/turn    (no ring)
MPRegen 0.09/turn    (no ring)
                     (no ring)

%: no passive effects
@: no status effects
A: almost no armour, amphibious, 8 rings, camouflage 1, gelatinous body 1,
(nimble swimmer 1), tentacles
a: no special abilities


You were on level 3 of the Dungeon.
You visited 1 branch of the dungeon, and saw 3 of its levels.

You collected 178 gold pieces.

Inventory:

Hand Weapons
 a - a +0 rapier (weapon)
Missiles
 c - 3 throwing nets (quivered)
 d - a javelin
Armour
 b - a +0 hat (worn)
Jewellery
 e - a +6 ring of strength (left tentacle)
 k - a ring of willpower (right tentacle)
 n - a +5 ring of evasion (on tentacle)
 r - a +6 ring of strength (on tentacle)
Talismans
 m - a flux talisman
Scrolls
 g - a scroll of poison {unknown}
 h - a scroll of torment {unknown}
 i - 6 scrolls of vulnerability {unknown}
 j - a scroll of silence {unknown}
 l - 2 scrolls of blinking {unknown}
 o - a scroll of brand weapon {unknown}
 p - a scroll of fog {unknown}
 q - 2 scrolls of identify {unknown}
Potions
 f - 3 potions of attraction {unknown}


   Skills:
 + Level 3.0 Fighting
 - Level 3.0 Short Blades
 - Level 2.0 Throwing
 + Level 3.7 Dodging
 + Level 3.1 Stealth
 * Level 1.4 Shapeshifting


You had 4 spell levels left.
You didn't know any spells.
Your spell library contained the following spells:

 Spells                   Type           Power      Damage    Failure   Level
 Ozocubu's Armour         Ice            0%         N/A       75%         3
 Ozocubu's Refrigeration  Ice            0%         4d7       100%        7


Dungeon Overview and Level Annotations

Branches:
Dungeon (3/15)

Altars:

Annotations:
D:3 Robin


Innate Abilities, Weirdness & Mutations

You cannot wear most types of armour.
You are amphibious.
You can wear up to eight rings at the same time.
Your skin changes colour to match your surroundings (Stealth+).
Your rubbery body absorbs attacks. (AC +1, EV +1)
((You are camouflaged when in or above water. (Stealth+)))
You have tentacles for arms and can constrict up to eight enemies at once.


Message History

You kill the goblin!
The bat completely misses you.
Things that are here:
a +0 dagger; a +0 short sword of protection; a +0 chain mail The bat hits you.
* * * LOW HITPOINT WARNING * * *
The bat hits you but does no damage. The bat attacks as you move away!
The bat completely misses you. The bat closely misses you.
Okay, then.
The bat hits you.
* * * LOW HITPOINT WARNING * * *
The bat closely misses you.
You hit the bat but do no damage. Your grab misses the bat. The bat misses you.
The bat hits you but does no damage.
You closely miss the bat. You grab the bat. You constrict the bat.
The bat closely misses you.
The bat struggles to escape constriction.
The bat escapes!
The bat completely misses you.
You hit the hobgoblin. Your grab misses the hobgoblin.
The hobgoblin is almost dead.
The bat barely misses you. The bat hits you.
* * * LOW HITPOINT WARNING * * *
The hobgoblin barely misses you.
You hit the hobgoblin.
You kill the hobgoblin!
The bat completely misses you. The bat closely misses you.
Robin roars a battlecry!
The hobgoblin goes into a battle-frenzy!
The bat misses you. The bat hits you.
* * * LOW HITPOINT WARNING * * *
You barely miss Robin. Your grab misses Robin. The bat misses you.
The bat hits you but does no damage. Robin barely misses you.
The bat hits you but does no damage.
Robin hits you with a +1 dagger of speed.
* * * LOW HITPOINT WARNING * * *
You closely miss Robin. Your grab misses Robin. Your squeeze misses Robin.
The bat misses you. The bat hits you but does no damage.
Robin hits you with a +1 dagger of speed.
You die...

........... #≈≈.....≈≈≈###
#......... .#≈≈..≈≈..≈..≈≈
#.. ...(. ...≈.)..≈≈.....
#...##..# ## ....≈.......≈≈≈
#...#..<##.. #.≈....≈≈.....
#...#.#.(... #≈≈..≈≈..≈..≈≈
#.......... .#≈≈...†.≈≈≈##
#.......##. ... #g# ##@#
#.##...### #.. #g# #bg#
##.##.....# #... #.# #g##
#..#....#.#
##....#)###.########..#.##..#
.......gb....................
##....#...#.####.....#######.
########...####.)).###. .
.....................
#####################


You could see Robin, a hobgoblin (strong) and a bat.

Vanquished Creatures
  Terence (D:3)
  3 gnolls (D:2)
  An adder (D:2)
  A worm (D:2)
  3 ball pythons
  6 endoplasms
  3 giant cockroaches
  10 goblins
  6 hobgoblins
  4 kobolds
  4 quokkas (D:1)
  2 bats (D:1)
  3 rats
47 creatures vanquished.

Notes
Turn   | Place    | Note
-------+----------+-------------------------------------------
     0 | D:1      | Ethylacetat the Octopode Gladiator began the quest for the
                  | Orb.
     0 | D:1      | Reached XP level 1. HP: 14/14 MP: 1/1
   121 | D:1      | Reached skill level 1 in Stealth
   128 | D:1      | Reached XP level 2. HP: 19/19 MP: 2/2
   777 | D:1      | Reached XP level 3. HP: 17/23 MP: 3/3
  1619 | D:2      | Reached XP level 4. HP: 28/30 MP: 4/4
  1628 | D:2      | Reached skill level 1 in Shapeshifting
  1978 | D:3      | Noticed Terence
  1987 | D:3      | Killed Terence
  1992 | D:3      | Noticed Robin
  2009 | D:3      | Reached XP level 5. HP: 7/36 MP: 5/5
  2025 | D:3      | Slain by Robin

Illustrated notes

Levels and vault maps discovered:
D:1:      mrwooster_arrival_statue, layout_basic, serial_corexii_hall,
          chequers_hall_statues_wall_a, corexii_hall_statues_i,
          amcnicky_mini_corridor_feature, chequers_avenue, grunt_decor_arrowhead
D:2:      layout_loops_cross, minmay_heptomino_w4
D:3:      layout_rooms, nicolae_uskayaw_suspiria,
          shapermc_ecumenical_altar_ellora, uniq_pargi, uniq_terence, uniq_robin

Skill      XL: |  1  2  3  4 |
---------------+-------------+-----
Stealth        | 1 2 3 |  3.1
Shapeshifting  | 1 |  1.4
Fighting       | 3 |  3.0
Short Blades   | |  3.0
Throwing       | |  2.0
Dodging        | |  3.7

Action                     |  1- 3 |  4- 6 || total
---------------------------+-------+-------++-------
  Melee: Rapier            |    59 |    35 ||    94
         Constrict         |    11 |    10 ||    21
         Tentacles         |    15 |     8 ||    23
         Punch             |     1 |       ||     1
   Stab: Sleeping          |    11 |     2 ||    13
 Armour: Skin              |     2 |     6 ||     8
  Dodge: Dodged            |    26 |    49 ||    75

Table legend: (Time is in decaauts)
 A = Elapsed time spent in this place.
 B = Non-inter-level travel time spent in this place.
 C = Inter-level travel time spent in this place.
 D = Time resting spent in this place.
 E = Time spent auto-exploring this place.
 F = Levels seen in this place.
 G = Mean time per level.
                   A        B        C        D        E       F      G
               +--------+--------+--------+--------+--------+-----+--------+
         Total |   2027 |   1985 |     42 |      0 |   1690 |   3 |  675.7 |
       Dungeon |   2027 |   1985 |     42 |      0 |   1690 |   3 |  675.7 |
               +--------+--------+--------+--------+--------+-----+--------+

Top non-repeatable levels by time:
     D:1: 1269 daAuts
     D:2: 686 daAuts
     D:3: 71 daAuts
